 Dungeon Crawl Stone Soup version 0.18-a0-1372-gd644665 (webtiles) character file.

969990 M4edhros the Rich (level 27, -3/205 HPs)
             Began as an Octopode Monk on Feb 18, 2016.
             Was an Initiate of Gozag.
             Killed from afar by a Brimstone Fiend (38 damage)
             ... with a blast of hellfire
             ... in Pandemonium on Feb 21, 2016.
             The game lasted 07:09:24 (107162 turns).

M4edhros the Rich (Octopode Monk)                 Turns: 107162, Time: 07:09:25

Health: -3/205     AC: 15    Str: 17    XL:     27
Magic:  0/53       EV: 47    Int: 27    God:    Gozag
Gold:   2068       SH: 30    Dex: 35    Spells: 15 memorised, 5 levels left

rFire  + + .     SeeInvis +     a - +1 eveningstar "Brilliance" {holy, rN+ AC+5 Int+5}
rCold  + + +     Gourm    .     j - +6 large shield {AC+3}
rNeg   + + .     Faith    .     K - +2 hat {Spirit}
rPois  +         Spirit   +     n - amulet of regeneration
rElec  +         Dismiss  .     E - +3 ring of slaying
rCorr  .         Reflect  .     i - +5 ring of evasion
SustAt +         Harm     .     l - ring "Fomoen" {Str+4 Int+4 Dex+2 Slay+2}
MR     ++...                    I - +4 ring of protection
Stlth  ++++......               B - ring "Pynkumed" {SustAt rElec rF+ rC+ Dex+4}
                                y - ring of Greed {rC+ MP+9 Str+3 Slay+2}
                                z - ring of the Elephant {rPois rN+ Dex+3 Slay+3}
                                J - ring "Amopiant" {rElec rF+ rC+ Int+4 SInv}

@: gold aura, glowing, very resistant to hostile enchantments, stealthy
A: almost no armour, amphibious, 8 rings, constrict 8, camouflage 1, gelatinous
body 1
a: Potion Petition, Call Merchant, Bribe Branch, Renounce Religion
}: 6/15 runes: barnacled, slimy, silver, demonic, fiery, gossamer


You were in Pandemonium.
You worshipped Gozag.
Gozag was noncommittal.
You were not hungry.

You visited 13 branches of the dungeon, and saw 61 of its levels.
You visited Pandemonium 3 times, and saw 21 of its levels.
You visited the Abyss 4 times.
You also visited: Ice Cave.

You collected 15443 gold pieces.
You spent 2567 gold pieces at shops.
You donated 613 gold pieces to Zin.
You paid 10195 gold pieces to Gozag.

Inventory:

Hand Weapons
 a - the +1 eveningstar "Brilliance" (weapon) {holy, rN+ AC+5 Int+5}
   (You took it off a merfolk on level 4 of the Shoals)

   It has been blessed by the Shining One to cause great damage to the undead
   and demons.
   It affects your AC (+5).
   It affects your intelligence (+5).
   It protects you from negative energy.
 b - a +9 greatsling of flaming
 r - the +7 hunting sling of Dishonesty {freeze, Dex+7}
   (You found it in Pandemonium)

   It causes projectiles fired from it to freeze those they strike, causing
   extra injury to most foes and up to half again as much damage against
   particularly susceptible opponents.
   They can also slow down cold-blooded creatures.
   It affects your dexterity (+7).
Missiles
 p - 425 sling bullets
Armour
 j - a +6 large shield of protection (worn)
 o - the +4 shield "Daeczept" {+Inv rF+ Dex+5}
   (You acquired it on level 8 of the Dungeon)

   It affects your dexterity (+5).
   It protects you from fire.
   It lets you turn invisible.
 K - a +2 hat of spirit shield (worn)
Jewellery
 e - a +4 amulet of reflection
 i - a +5 ring of evasion (right tentacle)
 l - the ring "Fomoen" (on tentacle) {Str+4 Int+4 Dex+2 Slay+2}
   (You acquired it in Pandemonium)

   [ring of dexterity]

   It affects your strength (+4).
   It affects your intelligence (+4).
   It affects your dexterity (+2).
   It affects your accuracy and damage with ranged weapons and melee attacks
   (+2).
 n - an amulet of regeneration (around mantle)
 y - the ring of Greed (on tentacle) {rC+ MP+9 Str+3 Slay+2}
   (You found it in Pandemonium)

   [ring of protection from cold]

   It affects your strength (+3).
   It affects your accuracy and damage with ranged weapons and melee attacks
   (+2).
   It protects you from cold.
   It affects your magic capacity (+9).
 z - the ring of the Elephant (on tentacle) {rPois rN+ Dex+3 Slay+3}
   (You found it on level 2 of the Abyss)

   [ring of positive energy]

   It affects your dexterity (+3).
   It affects your accuracy and damage with ranged weapons and melee attacks
   (+3).
   It protects you from poison.
   It protects you from negative energy.
 B - the ring "Pynkumed" (on tentacle) {SustAt rElec rF+ rC+ Dex+4}
   (You took it off a deep elf sorcerer on level 3 of the Elven Halls)

   [ring of sustain attributes]

   It sustains your strength, intelligence and dexterity.
   It affects your dexterity (+4).
   It protects you from fire.
   It protects you from cold.
   It insulates you from electricity.
 E - a +3 ring of slaying (left tentacle)
 I - a +4 ring of protection (on tentacle)
 J - the ring "Amopiant" (on tentacle) {rElec rF+ rC+ Int+4 SInv}
   (You found it on level 3 of the Elven Halls)

   [ring of protection from cold]

   It affects your intelligence (+4).
   It protects you from fire.
   It protects you from cold.
   It insulates you from electricity.
   It lets you see invisible.
 P - an uncursed ring of protection from magic
Wands
 L - a wand of heal wounds (9/9)
 M - a wand of heal wounds (9/9)
 O - a wand of hasting (9/9)
 S - a wand of disintegration (6/24)
 W - a wand of teleportation (9/9)
 Y - a wand of teleportation (7/9)
Scrolls
 s - 14 scrolls of fog
 t - 10 scrolls of magic mapping
 A - 11 scrolls of identify
 G - 8 scrolls of fear
 Q - 6 scrolls of blinking
 U - a scroll of holy word
 V - 5 scrolls of teleportation
Potions
 c - 5 potions of magic
 h - 6 potions of agility
 u - a potion of cancellation
 v - 5 potions of heal wounds
 w - 3 potions of resistance
 C - 4 potions of haste
 D - 28 potions of curing
 F - 3 potions of beneficial mutation
 H - 5 potions of cure mutation
 N - 12 potions of mutation
 Z - 8 potions of might
Books
 d - the Papyrus of Supportive Execration
   (You found it in Pandemonium)

   Spells                             Type                      Level
   a - Summon Small Mammal            Summoning                    1
   b - Summon Guardian Golem          Hexes/Summoning              3
   c - Yara's Violent Unravelling     Hexes/Transmutation          5
   d - Summon Demon                   Summoning                    5
   e - Mass Confusion                 Hexes                        6
Miscellaneous
 k - a phial of floods
 m - a stone of tremors
 q - a fan of gales
 R - a sack of spiders
 T - an ornate deck of summoning {drawn: 2}
 X - 3 phantom mirrors
Comestibles
 f - 11 fruits
 g - 34 bread rations
 x - 15 beef jerkies


   Skills:
 - Level 21.3 Fighting
 - Level 14.5 Maces & Flails
 - Level 12.0 Slings
 O Level 27 Dodging
 - Level 12.6 Stealth
 + Level 20.9 Shields
 - Level 10.8 Unarmed Combat
 + Level 17.8 Spellcasting
 - Level 12.0 Charms
 + Level 19.1 Translocations
 - Level 7.2 Ice Magic
 - Level 11.0 Air Magic
 O Level 27 Invocations


You had 5 spell levels left.
You knew the following spells:

 Your Spells              Type           Power        Failure   Level  Hunger
a - Shroud of Golubria    Chrm/Tloc      #######...   0%          2    None
b - Ozocubu's Armour      Chrm/Ice       ######..     1%          3    None
c - Summon Forest         Summ/Tloc      ######....   1%          5    None
d - Spectral Weapon       Hex/Chrm       ######..     1%          3    None
e - Controlled Blink      Tloc           N/A          10%         8    ######.
f - Song of Slaying       Chrm           ######..     1%          2    None
g - Deflect Missiles      Chrm/Air       ######....   4%          6    ###....
h - Summon Lightning Spi  Summ/Air       ######..     4%          4    None
i - Gell's Gravitas       Hex/Tloc       ######....   1%          3    None
j - Throw Icicle          Conj/Ice       #####...     10%         4    None
k - Leda's Liquefaction   Hex/Erth       ###.......   38%         4    None
l - Lee's Rapid Deconstr  Erth           ###.......   90%         5    None
m - Repel Missiles        Chrm/Air       ######       1%          2    None
n - Mephitic Cloud        Conj/Pois/Air  #####...     1%          3    None
o - Swiftness             Chrm/Air       ######..     1%          2    None


Dungeon Overview and Level Annotations

Branches:
Dungeon (15/15)            Temple (0/1) D:5            Lair (8/8) D:8
 Shoals (4/4) Lair:5       Spider (4/4) Lair:4        Slime (6/6) Lair:7
    Orc (2/2) D:9             Elf (3/3) Orc:2        Vaults (5/5) D:13
  Crypt (3/3) Vaults:2       Tomb (1/3) Crypt:3      Depths (5/5) D:15
   Hell (1/1)                 Zot (4/5) Depths:5
    Dis: Hell:1         Geh: Hell:1         Coc: Hell:1         Tar: Hell:1

Altars:
Cheibriados
Fedhas
Gozag
Makhleb
Nemelex Xobeh
Okawaru
Pakellas
Trog
Yredelemnul
Zin
The Shining One
Beogh
Jiyva
Lugonu

Shops:
D:4 =   D:11 ?   D:15 [![[*   Orc:1 [   Orc:2 !=!(   Shoals:1 *   Shoals:4 *
Vaults:4 *

Portals:
Hell: Depths:1 Depths:2 Depths:3 Depths:4 Depths:5
Abyss: Crypt:2 Depths:2 Depths:3 Depths:4
Pandemonium: Depths:1 Depths:3 Depths:5
Ziggurat: Depths:5
Trove: Elf:1 (give potion of experience)

Annotations:
D:2 Robin
D:5 1 runed door
Hell Geryon


Innate Abilities, Weirdness & Mutations

You cannot wear most types of armour.
You are amphibious.
You can wear up to eight rings at the same time.
You can use your tentacles to constrict eight enemies at once.
Your skin changes colour to match your surroundings (Stealth).
Your rubbery body absorbs attacks (AC +1).


Message History

The Brimstone Fiend gestures at you.
The hellfire explodes!
The blast of hellfire engulfs you!
* * * LOW HITPOINT WARNING * * *
The blast of hellfire engulfs your spectral weapon.
Your spectral weapon shares its damage with you!
The blast of hellfire engulfs your dryad.
* * * LOW HITPOINT WARNING * * *
Unknown command.
Unknown command.
Unknown command.
Drink which item? (? for menu, Esc to quit)
You feel much better.
The trees move their gnarly branches around.
The Brimstone Fiend is hit by a branch!
The Brimstone Fiend gestures at you.
The hellfire explodes!
The blast of hellfire engulfs your dryad.
The blast of hellfire engulfs you!
You die...
Your body crumbles into a pile of gold.

....#.......# ...##...^..#
..........# #####.∩....# #$
...3. .#.# #####....)♣##♣# #.
......... ...##.........♣♣♣#1#
.6. ..#.#
....##...#♣..♣...#....1......
.........###.....#.#.#.#.#.#.#
.......### ♣.....#..3$.......#
........ ##...@#####'''####
........ ♣....$R1.$$.....3..
........## ♣♣....(.$$$........
.........# #.♣....♣#♣♣##.#...
....##...## ♣...♣..# .....
..####.....#♣.....## ....
.####....##....♣..## ...
.##.......##....#..# ...
...........###.###.##


You could see a Brimstone Fiend, a friendly dryad and a friendly spectral
eveningstar "Brilliance" {holy, rN+ AC+5 Int+5}.

Vanquished Creatures
  Cerebov (Pan)
  the Royal Jelly (Slime:6)
  A seraph (Pan)
  An orb of fire (Zot:3)
  The ghost of slayr the Grand Gadgeteer, a legendary DDFi of Pakellas (Pan)
  Khufu (Crypt:2)
  Mennas (Crypt:1)
  5 ancient liches
  A juggernaut (Depths:4)
  15 pandemonium lords (Pan)
  A greater mummy (Crypt:2)
  Boris (Crypt:3)
  An iron giant (Depths:4)
  Margery (Depths:5)
  A shard shrike (shapeshifter) (Depths:1)
  A Killer Klown (Zot:3)
  A caustic shrike (Depths:3)
  2 curse toes
  Nikola (Elf:2)
  14 golden dragons
  2 pearl dragons (Pan)
  the Enchantress (Depths:2)
  5 bone dragons
  11 Brimstone Fiends (Pan)
  2 electric golems
  Jorgrun (Shoals:3)
  9 Hell Sentinels (Pan)
  8 Ice Fiends (Pan)
  12 tentacled monstrosities
  2 deep elf blademasters
  7 titans
  2 quicksilver dragons
  Asterion (Spider:1)
  Gastronok (D:12)
  6 Shadow Fiends (Pan)
  13 sphinxes
  9 liches
  20 acid blobs
  8 death cobs
  Frances (Spider:2)
  3 krakens
  5 ancient champions (Crypt:3)
  Polyphemus (Shoals:3)
  37 Executioners (Pan)
  11 tentacled starspawn (Abyss:1)
  4 shadow dragons (Vaults:5)
  5 storm dragons
  5 tengu reavers
  2 revenants
  Ilsuiw (Shoals:4)
  8 azure jellies
  3 draconian monks (Zot:3)
  11 fire giants
  5 ghost moths
  Donald (Shoals:1)
  16 deep elf sorcerers
  16 daevas (Pan)
  15 frost giants
  4 draconian knights
  26 balrugs
  Aizul (Shoals:3)
  4 iron dragons
  2 draconian scorchers
  13 cacodemons (Pan)
  37 angels (Pan)
  5 draconian shifters
  2 curse skulls
  Louise (Spider:1)
  7 ghouls
  7 emperor scorpions
  17 vault wardens
  12 reapers
  3 draconian annihilators
  9 warmongers (Pan)
  4 spriggan defenders
  3 draconian zealots
  4 deep elf elementalists
  18 ironheart preservers
  3 war gargoyles (Vaults:5)
  11 stone giants
  5 salamander stormcallers
  12 blood saints (Pan)
  16 ophanim (Pan)
  20 very ugly things
  27 apis (Pan)
  7 corrupters (Pan)
  25 chaos champions (Pan)
  7 white draconians
  7 black draconians
  4 draconian callers
  Azrael (Spider:1)
  4 deep elf demonologists
  8 green draconians
  6 vampire knights
  6 dire elephants (Lair:8)
  17 spark wasps
  9 red draconians
  22 lorocyprocas
  7 mottled draconians
  12 black suns (Pan)
  9 deep elf annihilators
  4 yellow draconians
  A crystal guardian (Abyss:1)
  3 eidola
  11 blizzard demons
  Snorg (Lair:6)
  9 merfolk javelineers
  2 mummy priests (Tomb:1)
  3 purple draconians (Zot:3)
  A fire dragon (shapeshifter) (Vaults:5)
  9 merfolk impalers
  10 deep elf death magi
  14 fire dragons
  21 green deaths (Pan)
  2 death oozes (Slime:6)
  12 ettins
  11 yaktaur captains
  14 great orbs of eyes
  Josephine (Spider:1)
  16 jiangshi
  40 vault guards
  6 entropy weavers
  Fannar (Orc:1)
  4 hydras
  2 ghost crabs (shapeshifter)
  6 rakshasas
  6 hell beasts (Pan)
  9 deep elf high priests
  10 ice dragons
  8 spriggan air magi
  An anaconda (Lair:8)
  14 centaur warriors
  The ghost of yogakurto the Covert, a journeyman OpMo of Dithmenos (D:13)
  A catoblepas (Shoals:3)
  3 merfolk avatars
  17 monstrous demonspawn (Pan)
  25 dancing weapons
  10 death yaks
  3 death knights
  A satyr (Shoals:3)
  4 tengu warriors
  12 deep troll earth magi
  9 deep troll shamans
  An anaconda (shapeshifter) (Vaults:5)
  20 ogre magi
  A queen ant (Lair:4)
  4 vampire magi
  8 merfolk aquamancers
  6 holy swine (Pan)
  5 orc high priests
  5 hell hogs (Abyss:1)
  Nergalle (Orc:1)
  9 spriggan berserkers
  69 sun demons
  10 thrashing horrors
  19 hell knights
  44 soul eaters
  A hellephant skeleton (Crypt:3)
  7 wretched stars
  2 hell hogs (shapeshifter)
  A storm dragon zombie (Crypt:1)
  26 skeletal warriors
  68 deep trolls
  A fire crab (shapeshifter) (Depths:4)
  10 iron trolls
  38 deep elf knights
  A fire crab (Vaults:3)
  A spatial maelstrom (Abyss:1)
  5 shadow wraiths
  13 cherubim (Pan)
  11 infernal demonspawn (Pan)
  An anaconda zombie (Abyss:1)
  2 spark wasp zombies
  11 shadow demons (Pan)
  12 sea snakes
  A golden dragon zombie (Abyss:1)
  29 deep elf archers
  17 gelid demonspawn (Pan)
  13 torturous demonspawn (Pan)
  24 putrid demonspawn (Pan)
  2 giant orange brains
  5 unseen horrors
  10 phantasmal warriors
  4 flayed ghosts
  A lindwurm (shapeshifter) (Vaults:5)
  62 large abominations
  6 wizards
  20 harpies
  2 anubis guards (Tomb:1)
  7 hill giants
  An anaconda skeleton (Crypt:3)
  10 necromancers
  A sphinx zombie (Crypt:2)
  16 ironbrand convokers
  A hill giant (shapeshifter) (Depths:4)
  14 orc knights
  13 orb spiders
  An anubis guard (shapeshifter) (Vaults:5)
  2 frost giant zombies
  4 shining eyes
  2 hornets (shapeshifter)
  24 wolf spiders
  20 griffons
  7 water nymphs
  52 ugly things
  8 orc sorcerers
  9 hornets
  23 sixfirhies
  32 moths of wrath
  6 cyclopes
  113 deep elf magi
  A manticore (shapeshifter) (Depths:3)
  The ghost of M4edhros the Martial Artist, a novice OpMo of Makhleb (D:7)
  6 worldbinders
  A shadow dragon skeleton (Abyss:1)
  7 sirens
  7 apocalypse crabs
  An octopode (shapeshifter) (Depths:4)
  A salamander (shapeshifter) (Depths:3)
  3 rust devils
  6 manticores
  A water nymph (shapeshifter) (Depths:3)
  A centaur zombie (D:13)
  A shock serpent zombie (Crypt:1)
  12 fauns
  52 smoke demons
  A drowned soul (Abyss:1)
  16 elephants
  An ice statue (Lair:8)
  3 eyes of devastation
  27 orange demons
  3 black mambas
  A torpor snail (Spider:4)
  18 vault sentinels
  13 spiny frogs
  Psyche (D:10)
  12 hellions
  A pale draconian zombie (Crypt:1)
  2 spiny frogs (shapeshifter)
  A death yak zombie (Crypt:1)
  A gargoyle (D:13)
  8 efreet
  A komodo dragon (shapeshifter) (Vaults:2)
  36 demonic crawlers
  3 kobold demonologists
  7 ancient zymes
  24 tormentors
  9 freezing wraiths
  2 fire drakes
  35 yaktaurs
  A yaktaur (shapeshifter) (Vaults:4)
  10 komodo dragons
  A guardian mummy (Crypt:3)
  17 hellwings
  13 ice devils
  A troll (shapeshifter) (Depths:4)
  30 red devils
  4 tengu conjurers
  A yellow draconian skeleton (Crypt:3)
  A queen bee (shapeshifter) (Abyss:3)
  A queen bee (Lair:1)
  2 jumping spiders (shapeshifter)
  2 wolf spider simulacra
  2 silent spectres
  2 wind drakes
  5 trolls
  38 jumping spiders
  47 merfolk
  6 polar bears
  22 two-headed ogres
  An alligator zombie (Crypt:1)
  85 slime creatures
  15 blink frogs
  An iron dragon simulacrum (Abyss:1)
  2 ushabtiu (Tomb:1)
  5 boulder beetles
  3 bog bodies
  7 raiju
  2 fire dragon zombies
  8 snapping turtles
  A griffon zombie (Crypt:1)
  A snapping turtle (shapeshifter) (Depths:1)
  10 air elementals
  2 fire giant simulacra
  21 flying skulls
  An ice dragon skeleton (Crypt:3)
  16 small abominations
  2 ettin zombies (Crypt:1)
  54 ynoxinuls
  8 spriggans
  31 water elementals
  A wyvern (D:14)
  A hill giant zombie (Crypt:2)
  83 redbacks
  30 tarantellas
  48 starcursed masses (Abyss:1)
  16 wraiths
  7 fire elementals
  2 tarantellas (shapeshifter)
  A vampire (D:15)
  5 hungry ghosts
  2 shadows
  Sigmund (D:5)
  44 chaos spawn
  7 golden eyes
  Grum (D:10)
  70 yaks
  8 hippogriffs
  5 basilisks
  A human (D:7)
  5 vampire mosquitoes (Vaults:2)
  30 neqoxecs
  3 spatial vortices (Abyss:1)
  5 insubstantial wisps (Abyss:1)
  Menkaure (D:6)
  A mottled dragon (D:15)
  12 wolves
  3 wargs
  A torturous demonspawn zombie (Crypt:3)
  10 soldier ants
  12 water moccasins
  A swamp worm (shapeshifter) (Vaults:5)
  A hydra simulacrum (Crypt:1)
  3 hell hounds
  6 sky beasts
  Duvessa (D:6)
  A putrid demonspawn skeleton (Crypt:3)
  11 porcupines
  2 deep troll skeletons (Crypt:3)
  An anubis guard zombie (Crypt:2)
  51 orc warriors
  8 ice beasts
  6 wasps
  3 black bears
  2 eyes of draining
  5 necrophages
  A tengu (shapeshifter) (D:15)
  A phantom (D:4)
  22 centaurs
  55 ogres
  14 boggarts
  An anubis guard skeleton (Crypt:1)
  The ghost of M4edhros the Insei, an amateur OpMo (D:4)
  A blink frog skeleton (Crypt:1)
  19 crocodiles
  8 big kobolds
  19 giant frogs
  A dryad skeleton (Crypt:2)
  4 earth elementals
  A draconian skeleton (Crypt:2)
  Dowan (D:6)
  4 gnoll sergeants (D:9)
  A spiny frog simulacrum (Abyss:3)
  A komodo dragon skeleton (Crypt:3)
  A wyvern skeleton (D:14)
  6 scorpions
  A water moccasin skeleton (D:10)
  38 killer bees
  4 electric eels
  3 spriggan skeletons
  18 wights
  8 crimson imps
  A giant frog zombie (D:12)
  3 human zombies (Crypt:3)
  4 quasits
  8 hounds
  34 orc priests
  25 jellies
  38 orc wizards
  4 centaur skeletons
  3 giant frog skeletons
  2 human skeletons (Crypt:3)
  14 iron imps
  5 iguanas
  6 hell rats
  43 worker ants
  41 sheep
  A deep dwarf zombie (Crypt:2)
  A hound zombie (D:5)
  4 hound skeletons
  18 mummies
  2 worker ant zombies
  14 gnolls
  15 adders
  34 river rats
  2 shadow imps
  9 white imps
  13 ufetubi
  An ooze (D:1)
  2 adder zombies
  A worm (shapeshifter) (Vaults:5)
  A worm (D:4)
  4 giant geckos
  143 orcs
  13 bats
  13 giant cockroaches
  4 goblins
  5 hobgoblins
  8 jackals
  5 quokkas
  A giant gecko skeleton (D:7)
  A giant gecko zombie (D:7)
  5 giant newts
  A jackal skeleton (D:7)
  A jackal zombie (D:5)
  24 kobolds
  3 orc zombies (Crypt:3)
  A quokka skeleton (D:5)
  12 rats
  6 crawling corpses (Vaults:5)
  A fire vortex (Pan)
  2 fungi (Depths:3)
  12 pillars of salt
  6 plants
  11 starspawn tentacles (Abyss:1)
  6 tentacles
4257 creatures vanquished.

Vanquished Creatures (collateral kills)
  2 Brimstone Fiends (Pan)
  A merfolk javelineer (Shoals:4)
  A black sun (Pan)
  A rakshasa (Pan)
  2 monstrous demonspawn (Pan)
  2 sun demons (Pan)
  A soul eater (Pan)
  A sea snake (Shoals:4)
  A tormentor (Pan)
  3 ynoxinuls (Pan)
  A neqoxec (Pan)
  An ice beast (Lair:8)
17 creatures vanquished.

Vanquished Creatures (others)
  An Executioner (Pan)
  3 eldritch tentacles (Crypt:3)
  2 blood saints (Pan)
  A fire giant (Depths:4)
  A draconian zealot (Zot:3)
  A balrug (Pan)
  3 stone giants
  A chaos champion (Pan)
  4 merfolk javelineers
  4 yaktaur captains
  A tengu warrior (Depths:1)
  A soul eater (Pan)
  6 deep elf archers
  A putrid demonspawn (Pan)
  3 ugly things (Depths:1)
  A deep elf mage (Elf:1)
  2 fauns
  An orc knight (Vaults:5)
  A vault sentinel (Vaults:5)
  A demonic crawler (Pan)
  A tengu conjurer (Depths:1)
  14 yaktaurs
  2 merfolk
  3 red devils (Pan)
  4 two-headed ogres (Depths:1)
  A slime creature (Vaults:3)
  A ynoxinul (Pan)
  An air elemental (Depths:4)
  A tarantella (Spider:2)
  3 small abominations
  4 ogres (Depths:1)
  2 centaurs
  2 orc priests (Orc:2)
  4 white imps
  An ufetubus (IceCv)
  An orc (Elf:1)
  2 kobolds (D:13)
  229 eldritch tentacle segments (Crypt:3)
  16 fungi
  A lost soul (Crypt:2)
  A lurking horror (Abyss:3)
  153 pillars of salt
  34 plants
  4 snaplasher vines (Pan)
  218 snaplasher vine segments (Pan)
  69 spectral weapons
  15 starspawn tentacles (Abyss:1)
  201 starspawn tentacle segments (Abyss:1)
  63 tentacles
  2707 tentacle segments
  A toadstool (D:8)
3798 creatures vanquished.

Grand Total: 8072 creatures vanquished

Notes
Turn   | Place    | Note
--------------------------------------------------------------
     0 | D:1      | M4edhros the Octopode Monk began the quest for the Orb.
     0 | D:1      | Reached XP level 1. HP: 16/16 MP: 1/1
    13 | D:1      | You fall through a shaft!
   135 | D:2      | Noticed Robin
   250 | D:4      | Found an opulent altar of Gozag.
   251 | D:4      | Found a glowing silver altar of Zin.
   272 | D:4      | Became a worshipper of Zin the Law-Giver
   272 | D:4      | Reached * piety under Zin
   272 | D:4      | Reached ** piety under Zin
   307 | D:2      | Reached XP level 2. HP: 11/21 MP: 2/2
   345 | D:1      | Reached skill level 1 in Invocations
   411 | D:1      | HP: 1/21 [hobgoblin (5)]
   412 | D:1      | Zin protects you from harm!
   569 | D:1      | Reached XP level 3. HP: 3/26 MP: 2/4
  1033 | D:1      | Reached *** piety under Zin
  1512 | D:2      | Reached XP level 4. HP: 31/31 MP: 5/5
  1812 | D:3      | Reached skill level 5 in Unarmed Combat
  1825 | D:3      | Reached XP level 5. HP: 6/36 MP: 7/7
  1858 | D:3      | Reached **** piety under Zin
  2137 | D:3      | Reached ***** piety under Zin
  2212 | D:4      | Found Awyczax's Jewellery Shop.
  2231 | D:4      | Noticed M4edhros's ghost (amateur OpMo)
  2248 | D:4      | Killed M4edhros's ghost
  2329 | D:4      | Reached XP level 6. HP: 28/42 MP: 9/9
  2386 | D:4      | Reached skill level 6 in Unarmed Combat
  2564 | D:4      | Reached skill level 5 in Invocations
  2676 | D:4      | Found a sparkling altar of Nemelex Xobeh.
  2747 | D:4      | Found a snail-covered altar of Cheibriados.
  2790 | D:4      | Reached XP level 7. HP: 42/46 MP: 10/10
  3046 | D:4      | Found a sparkling altar of Nemelex Xobeh.
  3366 | D:5      | Entered Level 5 of the Dungeon
  3487 | D:5      | Found a runed door.
  3522 | D:5      | Reached skill level 7 in Unarmed Combat
  3535 | D:6      | Noticed Dowan
  3540 | D:6      | Noticed Duvessa
  3788 | D:5      | Noticed Sigmund
  3825 | D:5      | Killed Sigmund
  3825 | D:5      | Reached XP level 8. HP: 40/52 MP: 12/12
  3845 | D:5      | Found a runed door.
  4034 | D:5      | Found a staircase to the Ecumenical Temple.
  4205 | D:5      | Reached skill level 8 in Unarmed Combat
  4270 | D:6      | Noticed Menkaure
  4525 | D:6      | Killed Menkaure
  4700 | D:6      | Found a burning altar of Makhleb.
  4735 | D:6      | Found an iron altar of Okawaru.
  4735 | D:6      | Found an oddly glowing altar of Pakellas.
  4763 | D:6      | Reached XP level 9. HP: 53/56 MP: 15/15
  4917 | D:6      | Killed Duvessa
  4917 | D:6      | Reached skill level 9 in Unarmed Combat
  4927 | D:6      | Killed Dowan
  5686 | D:7      | Found a blossoming altar of Fedhas.
  5842 | D:7      | Noticed M4edhros's ghost (novice OpMo)
  6298 | D:8      | Found a bloodstained altar of Trog.
  6319 | D:8      | Reached skill level 5 in Dodging
  6427 | D:8      | Reached ****** piety under Zin
  6533 | D:8      | Reached skill level 10 in Unarmed Combat
  6818 | D:8      | Reached XP level 10. HP: 60/63 MP: 17/17
  6917 | D:8      | Reached skill level 10 in Invocations
  7893 | D:4      | Bought a +3 ring of slaying for 495 gold pieces
  8649 | D:7      | Killed M4edhros's ghost
  9274 | D:8      | Reached skill level 1 in Slings
  9402 | D:8      | Found a viscous altar of Jiyva.
  9482 | D:8      | Found a staircase to the Lair.
  9522 | D:8      | Found a glowing golden altar of the Shining One.
 10229 | D:9      | Found a staircase to the Orcish Mines.
 10242 | D:9      | Reached skill level 11 in Invocations
 10335 | D:9      | Reached XP level 11. HP: 40/67 MP: 19/19
 10854 | D:10     | Entered Level 10 of the Dungeon
 10866 | D:10     | Noticed Grum
 11146 | D:10     | Noticed Psyche
 11153 | D:10     | Killed Psyche
 11226 | D:10     | Reached skill level 5 in Slings
 11317 | D:10     | Killed an unseen horror
 11544 | D:10     | Killed Grum
 12953 | D:11     | Reached skill level 12 in Invocations
 13041 | D:11     | Found Umodop's Magic Scroll Shop.
 13047 | D:11     | Noticed a hill giant
 13076 | D:11     | Killed a hill giant
 13125 | D:11     | Bought a scroll of fear for 56 gold pieces
 13218 | D:12     | Noticed Gastronok
 13760 | D:12     | Reached XP level 12. HP: 25/72 MP: 21/21
 14023 | D:12     | Noticed a centaur warrior
 14124 | D:12     | Killed a centaur warrior
 14741 | D:12     | Killed Gastronok
 14741 | D:12     | Reached skill level 10 in Dodging
 15059 | D:12     | Reached skill level 13 in Invocations
 15751 | Lair:1   | Entered Level 1 of the Lair of Beasts
 16751 | Lair:2   | Reached XP level 13. HP: 56/77 MP: 23/23
 17684 | Lair:3   | Reached skill level 14 in Invocations
 18521 | Lair:4   | Reached skill level 10 in Slings
 19063 | Lair:4   | Found a hole to the Spider Nest.
 19347 | Lair:5   | Found a frozen archway.
 19362 | IceCv    | Entered an ice cave
 19797 | IceCv    | Gained mutation: Your mind is acute. (Int +2) [potion of mutation]
 20403 | Lair:5   | Found a staircase to the Shoals.
 21602 | Lair:6   | Noticed Snorg
 21653 | Lair:6   | Killed Snorg
 21681 | Lair:6   | Reached XP level 14. HP: 53/83 MP: 18/25
 21740 | Lair:6   | Identified a scroll of acquirement
 21742 | Lair:6   | Got an ivory glaive
 21748 | Lair:6   | Identified the +3 glaive "Uvvureum" {antimagic, Str+3} (You acquired it on level 6 of the Lair of Beasts)
 22072 | Lair:6   | Reached skill level 15 in Invocations
 23483 | Lair:7   | Found a viscous altar of Jiyva.
 23484 | Lair:7   | Found a staircase to the Slime Pits.
 23970 | Lair:8   | Entered Level 8 of the Lair of Beasts
 25383 | Lair:8   | Reached skill level 5 in Fighting
 25903 | Lair:8   | Reached XP level 15. HP: 92/92 MP: 26/26
 26303 | Lair:8   | Reached skill level 1 in Shields
 26303 | Lair:8   | Reached skill level 16 in Invocations
 27543 | Orc:1    | Entered Level 1 of the Orcish Mines
 27656 | Orc:1    | Found Mecuohui's Antique Armour Shoppe.
 27854 | Orc:2    | Entered Level 2 of the Orcish Mines
 28008 | Orc:2    | Found a staircase to the Elven Halls.
 28148 | Orc:1    | Noticed Nergalle
 28148 | Orc:1    | Noticed Fannar
 28181 | Orc:1    | Killed Nergalle
 28203 | Orc:1    | Killed Fannar
 28253 | Orc:1    | Found a roughly hewn altar of Beogh.
 28327 | Orc:2    | Found a roughly hewn altar of Beogh.
 28484 | Orc:2    | Found Raodum's Distillery.
 29327 | Orc:2    | Found Aceracosty's Jewellery Boutique.
 29328 | Orc:2    | Found Ygiucim's Weapon Shoppe.
 29328 | Orc:2    | Found Lanei's Distillery.
 29366 | Orc:2    | Bought a +5 hunting sling for 370 gold pieces
 29779 | Elf:1    | Entered Level 1 of the Elven Halls
 30195 | Elf:1    | Reached skill level 5 in Shields
 30973 | Elf:1    | Reached XP level 16. HP: 103/103 MP: 28/28
 31031 | Elf:1    | Got a bone war axe
 31264 | Elf:1    | Reached skill level 17 in Invocations
 31636 | Elf:1    | Found a portal to a secret trove of treasure.
 32031 | Elf:2    | Reached skill level 15 in Dodging
 32651 | Elf:2    | Noticed Nikola
 32726 | Elf:3    | Entered Level 3 of the Elven Halls
 32794 | Elf:3    | HP: 5/103 [demonic crawler[a deep elf mage] (5)]
 32794 | Elf:3    | HP: 2/103 [demonic crawler[a deep elf mage] (3)]
 33846 | Elf:3    | Got a vibrating steel ring
 33899 | Elf:3    | Identified the ring "Amopiant" {rElec rF+ rC+ Int+4 SInv} (You found it on level 3 of the Elven Halls)
 33912 | Elf:3    | Reached skill level 18 in Invocations
 34032 | Elf:3    | Reached XP level 17. HP: 65/108 MP: 30/30
 34528 | Elf:3    | Cast into level 3 of the Abyss (a deep elf sorcerer)
 34568 | Elf:3    | Escaped the Abyss
 34577 | Elf:3    | Noticed a Brimstone Fiend
 34912 | Elf:3    | Got a warped iron ring
 34940 | Elf:3    | Noticed a Brimstone Fiend
 35130 | Elf:3    | Noticed a deep elf blademaster
 35199 | Elf:3    | Identified the ring "Pynkumed" {SustAt rElec rF+ rC+ Dex+4} (You took it off a deep elf sorcerer on level 3 of the Elven Halls)
 35486 | Elf:2    | Killed Nikola
 35528 | Elf:2    | Learned a level 6 spell: Statue Form
 35535 | Elf:2    | Learned a level 4 spell: Leda's Liquefaction
 35602 | Elf:3    | Killed a deep elf blademaster
 35680 | Elf:3    | Reached skill level 19 in Invocations
 35830 | Elf:3    | Cast into level 3 of the Abyss (a deep elf demonologist)
 35878 | Abyss:3  | Found a corrupted altar of Lugonu.
 35989 | Abyss:3  | Found a viscous altar of Jiyva.
 36006 | Abyss:3  | Found a viscous altar of Jiyva.
 36076 | Abyss:3  | Noticed a kraken
 36367 | Abyss:3  | Noticed a tentacled starspawn
 36754 | Abyss:3  | Noticed a bone dragon
 36776 | Abyss:3  | Noticed a bone dragon
 36845 | Elf:3    | Escaped the Abyss
 36888 | Elf:3    | Learned a level 2 spell: Repel Missiles
 36892 | Elf:3    | Learned a level 3 spell: Mephitic Cloud
 36898 | Elf:3    | Identified Ycog Amma's Tome of Earth
 37093 | Elf:3    | Got a polished rapier
 37094 | Elf:3    | Identified the +5 rapier "Beetlebane" {holy, Dex+2} (You found it on level 3 of the Elven Halls)
 37171 | Elf:3    | Got a faintly glowing mace {speed}
 37172 | Elf:3    | Identified the +6 mace "Rimeb" {speed, rF+ rC- MR+ SInv} (You took it off a deep elf death mage on level 3 of the Elven Halls)
 37414 | Lair:3   | Reached XP level 18. HP: 114/114 MP: 31/31
 37832 | Shoals:1 | Entered Level 1 of the Shoals
 37955 | Shoals:1 | Reached skill level 1 in Spellcasting
 37965 | Shoals:1 | Reached skill level 1 in Charms
 38011 | Shoals:1 | Reached skill level 1 in Air Magic
 38125 | Shoals:1 | Noticed Donald
 38151 | Shoals:1 | Killed Donald
 38673 | Shoals:1 | Found Mino's Assorted Antiques.
 38681 | Shoals:1 | Bought a scroll of teleportation for 66 gold pieces
 38681 | Shoals:1 | Bought a runed large shield for 99 gold pieces
 38701 | Shoals:1 | Bought a glowing large shield for 99 gold pieces
 39976 | Shoals:3 | Noticed Polyphemus
 39976 | Shoals:3 | Noticed Jorgrun
 40038 | Shoals:3 | Killed Jorgrun
 40477 | Shoals:3 | Killed Polyphemus
 41365 | Shoals:4 | Entered Level 4 of the Shoals
 41767 | Shoals:4 | Reached skill level 5 in Charms
 41767 | Shoals:4 | Reached skill level 20 in Invocations
 41795 | Shoals:3 | Reached skill level 5 in Spellcasting
 42122 | Shoals:4 | Reached XP level 19. HP: 46/118 MP: 14/33
 42320 | Shoals:4 | Noticed Aizul
 43478 | Shoals:4 | Noticed Ilsuiw
 43984 | Shoals:3 | Killed Aizul
 44148 | Shoals:4 | Killed Ilsuiw
 44266 | Shoals:4 | Got a barnacled rune of Zot
 45309 | Shoals:4 | Found Cidiotol's General Store.
 45315 | Shoals:4 | Bought a scroll of fear for 42 gold pieces
 45315 | Shoals:4 | Bought a scroll of teleportation for 36 gold pieces
 45396 | Shoals:4 | Identified the Handbook of Poisonous Conjuration
 46088 | Spider:1 | Entered Level 1 of the Spider Nest
 46280 | Spider:1 | Noticed Josephine
 46297 | Spider:1 | Killed Josephine
 46297 | Spider:1 | Reached skill level 1 in Maces & Flails
 46557 | Spider:1 | Noticed Asterion
 46575 | Spider:1 | Killed Asterion
 46767 | Spider:1 | Noticed Azrael
 46785 | Spider:1 | Killed Azrael
 47021 | Spider:1 | Noticed Louise
 47029 | Spider:1 | Cast into level 2 of the Abyss (Louise)
 47073 | Abyss:2  | Got a translucent brass ring
 47086 | Spider:1 | Escaped the Abyss
 47093 | Spider:1 | Killed Louise
 47097 | Spider:1 | Identified the ring of the Elephant {rPois rN+ Dex+3 Slay+3} (You found it on level 2 of the Abyss)
 47545 | Spider:2 | Noticed Frances
 47559 | Spider:2 | Killed Frances
 47559 | Spider:2 | Reached skill level 10 in Shields
 47903 | Spider:2 | Reached skill level 5 in Maces & Flails
 48309 | Spider:3 | Reached XP level 20. HP: 87/125 MP: 15/34
 48635 | Spider:4 | Entered Level 4 of the Spider Nest
 50538 | Spider:4 | Got a gossamer rune of Zot
 50828 | D:8      | Got a warped shield
 50839 | D:8      | Identified the +4 shield "Daeczept" {+Inv rF+ Dex+5} (You acquired it on level 8 of the Dungeon)
 51075 | D:13     | Found a gate to the Vaults.
 51421 | D:13     | Noticed yogakurto's ghost (journeyman OpMo)
 51429 | D:13     | Killed yogakurto's ghost
 52135 | Elf:3    | Learned a level 3 spell: Ozocubu's Armour
 52147 | Elf:3    | Learned a level 4 spell: Throw Icicle
 52440 | Elf:2    | Found a huge runed gate.
 52442 | Elf:2    | Found a huge runed gate.
 52442 | Elf:2    | Found a huge runed gate.
 52443 | Elf:2    | Found a huge runed gate.
 52443 | Elf:2    | Found a huge runed gate.
 52530 | Elf:2    | Reached skill level 10 in Maces & Flails
 52561 | Elf:2    | Reached XP level 21. HP: 65/129 MP: 20/35
 53396 | D:14     | Found a sparkling altar of Nemelex Xobeh.
 53815 | D:14     | Found a roughly hewn altar of Beogh.
 54179 | D:15     | Entered Level 15 of the Dungeon
 54471 | D:15     | Found a staircase to the Depths.
 54805 | D:15     | Found an opulent altar of Gozag.
 55013 | Depths:1 | Entered Level 1 of the Depths
 55260 | Depths:1 | Found a one-way gate leading to the halls of Pandemonium.
 55273 | Depths:1 | Noticed a shard shrike
 55273 | Depths:1 | Noticed a juggernaut
 55273 | Depths:1 | a shard shrike changed into a juggernaut
 55275 | Depths:1 | a juggernaut changed into a titan
 55276 | Depths:1 | Noticed a shard shrike
 55276 | Depths:1 | a titan changed into a shard shrike
 55281 | Depths:1 | a shard shrike changed into a hellephant
 55426 | Depths:1 | Noticed a shard shrike
 55431 | Depths:1 | a shard shrike changed into a hellephant
 55432 | Depths:1 | Noticed a juggernaut
 55432 | Depths:1 | a hellephant changed into a juggernaut
 55434 | Depths:1 | a juggernaut changed into an acid blob
 55451 | Depths:1 | Noticed a shard shrike
 55461 | Depths:1 | Killed a shard shrike
 55819 | Depths:1 | Found a gateway to Hell.
 55870 | Depths:1 | Reached skill level 15 in Shields
 56228 | Depths:2 | Reached skill level 1 in Ice Magic
 56308 | Depths:2 | Found a corrupted altar of Lugonu.
 56310 | Depths:2 | Found a one-way gate to the infinite horrors of the Abyss.
 56613 | Vaults:1 | Entered Level 1 of the Vaults
 57209 | Vaults:1 | Reached skill level 5 in Stealth
 57247 | Vaults:1 | Reached XP level 22. HP: 102/135 MP: 29/36
 57841 | Vaults:1 | Found a roughly hewn altar of Beogh.
 58390 | Vaults:2 | Reached skill level 5 in Ice Magic
 58821 | Vaults:2 | Found a staircase to the Crypt.
 59058 | Vaults:2 | Reached skill level 10 in Stealth
 59414 | Vaults:2 | Found an oddly glowing altar of Pakellas.
 60723 | Vaults:3 | Reached XP level 23. HP: 118/141 MP: 33/37
 61545 | Vaults:4 | Identified Kepybb's Guide on Conjuration and the Arsonist (You found it on level 4 of the Vaults)
 61671 | Vaults:4 | Found a sparkling altar of Nemelex Xobeh.
 61671 | Vaults:4 | Found Vemne's General Store.
 61775 | Vaults:4 | Bought a potion of agility for 88 gold pieces
 61844 | Vaults:4 | Reached skill level 21 in Invocations
 62138 | Vaults:4 | Reached skill level 10 in Fighting
 62522 | Vaults:5 | Entered Level 5 of the Vaults
 62550 | Vaults:5 | Noticed a golden dragon
 62592 | Vaults:5 | Reached skill level 5 in Air Magic
 62624 | Vaults:5 | Killed a golden dragon
 62668 | Vaults:5 | HP: 7/150 [titan/the air (28)]
 62681 | Vaults:5 | HP: 1/150 [titan (37)]
 62695 | Vaults:5 | HP: 6/150 [titan (46)]
 62711 | Vaults:5 | Reached XP level 24. HP: 54/157 MP: 2/37
 63243 | Vaults:5 | Reached skill level 22 in Invocations
 63550 | Vaults:5 | Noticed an ancient lich
 63556 | Vaults:5 | Killed an ancient lich
 63617 | Vaults:5 | Got a faintly glowing tin ring
 63618 | Vaults:5 | Identified the ring of Benevolence {rF- Int+2 Dex+4 SInv} (You took it off a vault guard on level 5 of the Vaults)
 64403 | Vaults:5 | Got a heavily runed hat
 64414 | Vaults:5 | Identified the +0 hat of the Little Devil {SInv} (You acquired it on level 5 of the Vaults)
 64599 | Vaults:5 | Got a warped bronze ring
 64600 | Vaults:5 | Identified the ring "Zighiakh" {SustAt rN+} (You found it on level 5 of the Vaults)
 64605 | Vaults:5 | Identified the Catalogue of Flying Aid
 64612 | Vaults:5 | Identified Sif Muna's Almanac of Helpful Attacks (You found it on level 5 of the Vaults)
 64621 | Vaults:5 | Learned a level 6 spell: Deflect Missiles
 64633 | Vaults:5 | Learned a level 2 spell: Swiftness
 64645 | Vaults:5 | Learned a level 3 spell: Spectral Weapon
 64648 | Vaults:5 | Learned a level 2 spell: Song of Slaying
 64733 | Vaults:5 | Reached XP level 25. HP: 147/169 MP: 34/38
 64813 | Vaults:5 | Learned a level 2 spell: Shroud of Golubria
 64923 | Vaults:5 | Got a silver rune of Zot
 65542 | Depths:2 | Noticed the Enchantress
 65561 | Depths:2 | Killed the Enchantress
 65583 | Depths:2 | Reached skill level 23 in Invocations
 66018 | Hell     | Entered the Vestibule of Hell
 66018 | Hell     | Noticed Geryon
 66961 | Depths:3 | Reached skill level 15 in Fighting
 67442 | Depths:3 | Got a scintillating bone ring
 67443 | Depths:3 | Identified the cursed ring of the Leaf {rN+ Int-3} (You found it on level 3 of the Depths)
 68205 | Depths:4 | Reached XP level 26. HP: 175/183 MP: 37/38
 68644 | Depths:4 | Noticed an iron giant
 68687 | Depths:4 | Noticed a juggernaut
 70106 | Depths:4 | Paralysed by a sphinx for 4 turns
 70250 | Depths:4 | HP: 7/187 [iron giant's throw (78)]
 70267 | Depths:4 | Identified the Papyrus of Confrontation and Feathers (You found it on level 4 of the Depths)
 70733 | Depths:4 | Identified the Handbook of the Entourage and Fascination
 70766 | Depths:5 | Entered Level 5 of the Depths
 70957 | Depths:5 | Found a gateway to a ziggurat.
 71147 | Depths:5 | Got a clouded silver amulet
 71148 | Depths:5 | Identified the amulet of the Harvest {Inacc rF+ Str+3 SInv} (You found it on level 5 of the Depths)
 71267 | Depths:5 | Found a gate to the Realm of Zot.
 71428 | Depths:5 | Noticed Margery
 71441 | Depths:5 | Killed Margery
 71461 | Depths:5 | Reached XP level 27. HP: 180/194 MP: 38/38
 72037 | Depths:4 | Killed a juggernaut
 72271 | Depths:4 | Killed an iron giant
 72606 | Crypt:1  | Entered Level 1 of the Crypt
 72661 | Crypt:1  | Noticed Mennas
 72681 | Crypt:1  | Killed Mennas
 73434 | Crypt:2  | Noticed a greater mummy
 73436 | Crypt:2  | Noticed Khufu
 73444 | Crypt:2  | Killed a greater mummy
 73451 | Crypt:2  | Killed Khufu
 74117 | Crypt:3  | Entered Level 3 of the Crypt
 74434 | Crypt:3  | Noticed Boris
 74454 | Crypt:3  | Killed Boris
 74501 | Crypt:3  | Found a basalt altar of Yredelemnul.
 74655 | Crypt:3  | Noticed an ancient lich
 74679 | Crypt:3  | Noticed an ancient lich
 75485 | Crypt:3  | Identified the Guide on Evil (You found it on level 3 of the Crypt)
 75488 | Crypt:3  | Paralysed by an ancient lich for 4 turns
 75924 | Crypt:3  | Found a staircase to the Tomb.
 76106 | Crypt:3  | Killed an ancient lich
 76116 | Crypt:3  | Killed an ancient lich
 76530 | Tomb:1   | Entered Level 1 of the Tomb of the Ancients
 77603 | Zot:1    | Entered Level 1 of the Realm of Zot
 77997 | Zot:1    | Reached skill level 10 in Air Magic
 79626 | Zot:3    | Paralysed by a Zot trap for 2 turns
 79982 | Zot:3    | Reached skill level 10 in Spellcasting
 79987 | Zot:3    | Noticed an orb of fire
 80832 | Zot:3    | Reached skill level 10 in Charms
 81302 | Zot:3    | Killed an orb of fire
 83440 | Slime:1  | Entered Level 1 of the Pits of Slime
 83924 | Slime:6  | Entered Level 6 of the Pits of Slime
 84090 | Slime:6  | Noticed the Royal Jelly
 84123 | Slime:6  | Killed the Royal Jelly
 84322 | Slime:6  | Got a slimy rune of Zot
 84330 | Slime:6  | Got a crude large shield
 84341 | Slime:6  | Identified the +2 large shield of Theory {rF+ Int+2 Stlth-} (You acquired it on level 6 of the Pits of Slime)
 84449 | Slime:6  | Got a coiled jade ring
 84450 | Slime:6  | Identified the ring "Tyhih" {rF++ rN+ Int+3 Slay-5} (You found it on level 6 of the Pits of Slime)
 85053 | Orc:2    | Bought a potion of haste for 130 gold pieces
 85053 | Orc:2    | Bought a potion of curing for 39 gold pieces
 85057 | Orc:2    | Bought a potion of might for 56 gold pieces
 85057 | Orc:2    | Bought a potion of haste for 140 gold pieces
 85057 | Orc:2    | Bought a potion of curing for 42 gold pieces
 85057 | Orc:2    | Bought a potion of might for 56 gold pieces
 85062 | Orc:2    | Bought a potion of resistance for 130 gold pieces
 85461 | Pan      | Entered Pandemonium
 85841 | Pan      | Found an exit through the horrors of the Abyss.
 86084 | Pan      | Noticed Luryeff the pandemonium lord
 86112 | Pan      | Killed Luryeff the pandemonium lord
 86674 | Pan      | Found a runed door.
 86882 | Pan      | Found an exit through the horrors of the Abyss.
 87176 | Pan      | Noticed Yphaargh Booc the pandemonium lord
 87185 | Pan      | Killed Yphaargh Booc the pandemonium lord
 87302 | Pan      | Reached skill level 24 in Invocations
 87343 | Pan      | Found an exit through the horrors of the Abyss.
 87530 | Pan      | Noticed Hinnoed the pandemonium lord
 87589 | Pan      | Killed Hinnoed the pandemonium lord
 87870 | Pan      | Noticed Xytuumenyz the pandemonium lord
 87920 | Pan      | Killed Xytuumenyz the pandemonium lord
 87920 | Pan      | Reached skill level 25 in Invocations
 87999 | Pan      | Found an exit through the horrors of the Abyss.
 88117 | Pan      | Found an exit through the horrors of the Abyss.
 88500 | Pan      | Noticed Ritipsia the pandemonium lord
 88505 | Pan      | Killed Ritipsia the pandemonium lord
 88637 | Pan      | Noticed Jomuze the pandemonium lord
 88647 | Pan      | Killed Jomuze the pandemonium lord
 88691 | Pan      | Reached skill level 26 in Invocations
 88705 | Pan      | Found an exit through the horrors of the Abyss.
 89515 | Pan      | Noticed Imperuo the pandemonium lord
 89519 | Pan      | Paralysed by Imperuo for 2 turns
 89528 | Pan      | Reached skill level 27 in Invocations
 89878 | Pan      | Found an exit through the horrors of the Abyss.
 90043 | Pan      | Killed Imperuo the pandemonium lord
 90334 | Pan      | Found a huge runed gate.
 90947 | Pan      | Found an exit through the horrors of the Abyss.
 91039 | Pan      | Noticed Awochafu the pandemonium lord
 91064 | Pan      | Killed Awochafu the pandemonium lord
 91186 | Depths:3 | Escaped Pandemonium
 91273 | Pan      | Entered Pandemonium
 91356 | Pan      | Learned a level 8 spell: Controlled Blink
 91429 | Pan      | Reached skill level 1 in Translocations
 91752 | Pan      | Found an exit through the horrors of the Abyss.
 91961 | Pan      | Noticed Qerghetonk the pandemonium lord
 91978 | Pan      | Killed Qerghetonk the pandemonium lord
 92193 | Pan      | Reached skill level 5 in Translocations
 92381 | Pan      | Found an exit through the horrors of the Abyss.
 92870 | Pan      | Found a glowing silver altar of Zin.
 93441 | Pan      | Found a white marble altar of Elyvilon.
 93554 | Pan      | Got a wavering lead ring
 93556 | Pan      | Identified the ring "Fomoen" {Str+4 Int+4 Dex+2 Slay+2} (You acquired it in Pandemonium)
 94137 | Pan      | Reached skill level 10 in Translocations
 94217 | Pan      | Noticed a seraph
 94248 | Pan      | Killed a seraph
 94611 | Pan      | Found a glowing golden altar of the Shining One.
 94631 | Pan      | Got a coiled wooden ring
 94633 | Pan      | Identified the ring of Greed {rC+ MP+9 Str+3 Slay+2} (You found it in Pandemonium)
 94637 | Pan      | Identified a +2 rod of ignition (11/11) (You found it in Pandemonium)
 94641 | Pan      | Got a demonic rune of Zot
 95620 | Pan      | Noticed Bisipp the pandemonium lord
 95671 | Pan      | Killed Bisipp the pandemonium lord
 95748 | Pan      | Noticed Itataifa the pandemonium lord
 95759 | Pan      | Killed Itataifa the pandemonium lord
 96015 | Pan      | Found an exit through the horrors of the Abyss.
 96119 | Pan      | Upgraded the game from 0.18-a0-1350-g404b4cb to 0.18-a0-1354-gbc5753f
 96775 | Pan      | Noticed slayr's ghost (legendary DDFi)
 96775 | Pan      | Found an exit through the horrors of the Abyss.
 97314 | Pan      | Killed slayr's ghost
 97496 | Pan      | Noticed Goef the pandemonium lord
 97513 | Pan      | Killed Goef the pandemonium lord
 97513 | Pan      | Reached skill level 15 in Translocations
 97730 | Pan      | Found an exit through the horrors of the Abyss.
 98151 | Pan      | Noticed Pecwomi the pandemonium lord
 98164 | Pan      | Killed Pecwomi the pandemonium lord
 98445 | Pan      | Reached skill level 15 in Spellcasting
 98470 | Pan      | Found an exit through the horrors of the Abyss.
 98491 | Pan      | Got an encrusted hunting sling
 98492 | Pan      | Identified the +7 hunting sling of Dishonesty {freeze, Dex+7} (You found it in Pandemonium)
 98716 | Pan      | Learned a level 5 spell: Lee's Rapid Deconstruction
 98806 | Pan      | Noticed Kojuw the pandemonium lord
 98827 | Pan      | Killed Kojuw the pandemonium lord
 99265 | Pan      | Entered the realm of Cerebov.
 99548 | Pan      | Learned a level 5 spell: Summon Forest
 99555 | Pan      | Learned a level 3 spell: Gell's Gravitas
 99836 | Pan      | Found an exit through the horrors of the Abyss.
100252 | Pan      | Noticed Cerebov
100258 | Pan      | Killed Cerebov
100308 | Pan      | Got a pitted demon trident {elec}
100309 | Pan      | Identified the +9 demon trident "Buefet" {elec, rN+ Str+2} (You took it off a red devil in Pandemonium)
100971 | Pan      | Got a coiled steel amulet
100972 | Pan      | Identified the amulet "Kefawn" {Inacc Str+6} (You found it in Pandemonium)
100984 | Pan      | Identified the Guide on the Mutagenic Snowflakes
101046 | Pan      | Got a glittering steel ring
101047 | Pan      | Identified the ring "Patal" {+Blink rPois rC+ MP+9} (You took it off a balrug in Pandemonium)
101076 | Pan      | Got a fiery rune of Zot
101107 | Pan      | Took an exit into the Abyss.
101107 | Abyss:1  | Escaped into the Abyss
101577 | Abyss:1  | Noticed an ancient lich
101583 | Abyss:1  | Killed an ancient lich
102243 | Abyss:1  | Noticed an ancient lich
102256 | Abyss:1  | Killed an ancient lich
102256 | Abyss:1  | Reached skill level 27 in Dodging
102727 | Depths:3 | Escaped the Abyss
102737 | Depths:3 | Upgraded the game from 0.18-a0-1354-gbc5753f to 0.18-a0-1372-gd644665
102884 | Depths:4 | Learned a level 4 spell: Summon Lightning Spire
104443 | Orc:2    | Bought a potion of beneficial mutation for 455 gold pieces
105392 | Shoals:2 | Got a crystal morningstar
105393 | Shoals:2 | Identified the cursed +1 morningstar of the Gnat {drain, SInv} (You found it on level 2 of the Shoals)
105658 | D:15     | Fell from the grace of Zin
105658 | D:15     | Became a worshipper of Gozag Ym Sagoz the Greedy
105683 | D:15     | Bought a potion of heal wounds for 70 gold pieces
105683 | D:15     | Bought a potion of curing for 42 gold pieces
105683 | D:15     | Bought a potion of agility for 56 gold pieces
105788 | Pan      | Entered Pandemonium
106128 | Pan      | Lost mutation: Your mind is acute. (Int +2) [a neqoxec]
106185 | Pan      | Noticed Iptufawn the pandemonium lord
106209 | Pan      | Killed Iptufawn the pandemonium lord
106324 | Pan      | Identified the Papyrus of Supportive Execration (You found it in Pandemonium)
106388 | Pan      | Got an encrusted flail
106389 | Pan      | Identified the cursed +1 flail of Mal Forch {freeze, Dex+4} (You found it in Pandemonium)
106568 | Pan      | Found an exit through the horrors of the Abyss.
107061 | Pan      | Found an exit through the horrors of the Abyss.
107162 | Pan      | Killed from afar by a Brimstone Fiend

Vault maps used:
D:1:      erik_arrival_triangle_large, serial_forest,
          infiniplex_forest_lined_3_way, infiniplex_forest_lined_room_,
          infiniplex_forest_clump_double, infiniplex_forest_pool,
          infiniplex_forest_zigzag_1, infiniplex_forest_lined_3,
          infiniplex_forest_fountain, infiniplex_forest_lined_ring, minivault_19
D:2:      uniq_robin
D:3:      kennysheep_boxes
D:4:      grunt_temple_overflow_gold_and_silver, grunt_temple_overflow_open,
          serial_shops, nicolae_shop_trees, nemelex_lonely_heart_becter
D:5:      lemuel_insect_pit, minmay_temple_entry_grid, first_bread, uniq_sigmund
D:6:      gammafunk_temple_overflow_forgotten, uniq_duvessa, uniq_menkaure
D:7:      kennysheep_windowed_halls, kennysheep_little_box, grunt_livestock
D:8:      minmay_goldmine, kennysheep_mini_moat, trog_ov_bears_minmay,
          grunt_lair_entry_orc_guard_hut, lasty_cornered_adventurer
D:9:      kennysheep_orc_monster_closet_entryway, grunt_ministairs_12
D:10:     serial_bayou, serial_bayou_pond_c, serial_bayou_shore_b,
          serial_bayou_ford_a, serial_bayou_pond_e, uniq_psyche, uniq_grum
D:11:     serial_shops, shop
D:12:     uniq_gastronok
D:13:     erik_vaults_2, kennysheep_generic_room_6
D:14:     nemelex_xobeh_ov_fountains_minmay, special_room
D:15:     hangedman_depths_entry_civil_slaughter, nicolae_gozag_seed_capital
Lair:1:   special_room
Lair:2:   lemuel_fruit_tree
Lair:3:   serial_bayou_shore_b, grunt_megastairs_3
Lair:4:   spider_nest_entry_funnel_web, minmay_another_anthill
Lair:5:   shoals_dummy_entry, portal_ice_cave_entry_pillars_01,
          beast_lair_carwin_6
Lair:6:   grunt_megastairs_2, uniq_snorg
Lair:7:   slime_altar_1, minivault_11
Lair:8:   due_jungle_book, ice2_lemuel, infiniplex_staircase_pool
Shoals:1: serial_shops, nicolae_shop_overgrown_old_shop,
          nicolae_shoals_kraken_intersection, uniq_donald
Shoals:3: uniq_polyphemus, uniq_jorgrun
Shoals:4: shoals_end_simple, shoals_ilsuiw_alternative, serial_shops,
          nicolae_shop_window_shopping, uniq_aizul
Spider:1: spider_trap, uniq_azrael, uniq_asterion, uniq_josephine, uniq_louise
Spider:2: spider_trap, uniq_frances
Spider:4: grunt_spider_rune_parallel
Slime:1:  cheibrodos_slime_lost_civilization_7
Slime:2:  uniq_dissolution
Orc:1:    serial_shops, shop, basic_altar, uniq_nergalle, uniq_fannar
Orc:2:    st_orc_elflike, basic_altar
Elf:1:    trove_entry_hex_spiral, kennysheep_underground_church
Elf:2:    grunt_megastairs_4, uniq_nikola
Elf:3:    minmay_elf_hall_dome
Vaults:1: special_room_vaults, v_misc_3, hangedman_vaults_restitches, v_misc_23,
          hangedman_vaults_corner_blocks, nicolae_vaults_alarming,
          grunt_vaults_diagonal
Vaults:2: v_misc_29, minmay_crypt_entry_simple_plaza, vaults_room_boxed,
          vaults_standard_mumra_lines, v_misc_1, vaults_mumra_hexcomb,
          nicolae_vaults_stairing_the_circle, nicolae_vaults_diagonal_hallway_8,
          nicolae_vaults_circle_grid_b, basic_altar
Vaults:3: vaults_room_semicircle, ontoclasm_vaults_ring_small, vaults_dpeg_ring,
          vaults_room_glass_cross, v_misc_16, ontoclasm_vaults_loading_screen,
          v_rooms_6, nicolae_vaults_angled_halls, ontoclasm_vaults_idyll,
          v_misc_8, v_misc_28, hangedman_vaults_variations,
          hangedman_vaults_trim
Vaults:4: vaults_room_hangedman_quadrants, nicolae_vaults_big_ls,
          ontoclasm_vaults_tryst, vaults_room_corners, hangedman_vaults_cutoff,
          v_misc_2, nicolae_vaults_little_squares_6, hangedman_vaults_maws,
          v_misc_12, ontoclasm_vaults_decontamination, vaults_room_semicircle,
          basic_altar, serial_shops, nicolae_shop_trees
Vaults:5: serial_shops
Crypt:1:  minivault_27, uniq_mennas
Crypt:2:  lemuel_hellish_altar, lemuel_elevator, uniq_khufu
Crypt:3:  david_glass_crypt, nicolae_tomb_entry_unfolded_pyramid_orthogonal,
          serial_sigils_hangedman_shear, lemuel_mausoleum_altar_yredelemnul,
          uniq_boris
Depths:1: hell_entry, pan_entry, hangedman_abyss_or_decor_jellyfish_corner,
          lemuel_flames_and_gold
Depths:2: minmay_smoke_and_mirrors, nicolae_lava_and_water, hell_entry,
          abyss_entry_flame_altar, minmay_staircase_windowed_large,
          serial_bayou_shore_a, firewood_loft, uniq_enchantress
Depths:3: minmay_open_boxes_in_corner, pan_entry, abyss_entry, serial_bayou,
          serial_bayou_lake_a, serial_bayou_pond_a, serial_bayou_pond_b,
          serial_bayou_lagoon_b, lightli_too_deep, minmay_misc_feat_doors,
          minmay_gold_behind_fungi, minmay_evil_grid
Depths:4: grunt_runaround, abyss_entry, hell_entry, serial_shops
Depths:5: grunt_zot_entry_gee_three, enter_ziggurat_b, hell_entry,
          rand_demon_pan_entry_8, uniq_margery
Zot:3:    hangedman_zot_vaults_quadrants
Abyss:3:  hangedman_abyss_rune_treasure_dump,
          hangedman_abyss_rune_flesh_and_stone
Pan:      evilmike_mini_pan_doors, rand_demon_9, evilmike_mini_pan_branches,
          evilmike_mini_pan_3x3, evilmike_mini_pan_3x3, nicolae_pan_diamonds,
          evilmike_mini_pan_layers, nicolae_pan_giant_door,
          evilmike_mini_pan_possible_glass, rand_demon_5, pan_surprise,
          pan_captured_pigsty, nicolae_pan_strange_glyphs, reaverb_pan_squares,
          evilmike_holy_pan, grunt_pan_sceptre, rand_demon_2,
          evilmike_mini_pan_pillars, reaverb_pan_chaos_star, rand_demon_5,
          lemuel_hall_of_pain, nicolae_pan_glass_arcs,
          evilmike_mini_pan_branches, evilmike_cerebov_lava,
          pan_blood_fountain_small, evilmike_mini_pan_pillars_b,
          pan_blood_fountain, evilmike_mini_pan_pillars,
          pan_blood_fountain_small
IceCv:    ice_cave_small_demon

Action                   |  1- 3 |  4- 6 |  7- 9 | 10-12 | 13-15 | 16-18 | 19-21 | 22-24 | 25-27 || total
-------------------------+-------+-------+-------+-------+-------+-------+-------+-------+-------++-------
Melee: Unarmed           |    79 |    83 |   306 |   391 |   854 |   854 |  2073 |   980 |    13 ||  5633
       Hunting sling     |       |       |       |     3 |       |       |       |       |       ||     3
       Glaive            |       |       |       |       |       |    15 |       |       |       ||    15
       Eveningstar       |       |       |       |       |       |       |     9 |   796 |  6314 ||  7119
 Fire: Hunting sling     |       |       |       |   712 |  1132 |   796 |   452 |       |    77 ||  3169
       Greatsling        |       |       |       |       |       |       |       |       |   156 ||   156
 Cast: Repel Missiles    |       |       |       |       |       |     2 |     5 |     3 |     4 ||    14
       Ozocubu's Armour  |       |       |       |       |       |       |     3 |    15 |    92 ||   110
       Spectral Weapon   |       |       |       |       |       |       |       |       |   129 ||   129
       Throw Icicle      |       |       |       |       |       |       |       |       |     1 ||     1
       Gell's Gravitas   |       |       |       |       |       |       |       |       |    21 ||    21
       Song of Slaying   |       |       |       |       |       |       |       |       |    16 ||    16
       Shroud of Golubri |       |       |       |       |       |       |       |       |    10 ||    10
       Summon Forest     |       |       |       |       |       |       |       |       |     8 ||     8
       Deflect Missiles  |       |       |       |       |       |       |       |       |     5 ||     5
       Summon Lightning  |       |       |       |       |       |       |       |       |     2 ||     2
Invok: Recite            |       |     4 |    30 |    46 |    41 |    72 |    58 |    52 |   155 ||   458
       Vitalisation      |       |       |     3 |    10 |    18 |    24 |    35 |    11 |    49 ||   150
       Imprison          |       |       |       |     1 |     5 |     4 |     2 |     2 |     5 ||    19
       Sanctuary         |       |       |       |     1 |       |       |       |       |       ||     1
       Call Merchant     |       |       |       |       |       |       |       |       |     5 ||     5
Evoke: Wand              |       |       |       |     5 |    13 |     4 |     3 |     7 |    15 ||    47
       Fan of gales      |       |       |       |       |     3 |     2 |     1 |       |     2 ||     8
       Phial of floods   |       |       |       |       |       |     1 |     1 |       |     3 ||     5
       Disc of storms    |       |       |       |       |       |     1 |       |       |       ||     1
       Lamp of fire      |       |       |       |       |       |     1 |     2 |       |     1 ||     4
       Sack of spiders   |       |       |       |       |       |       |     2 |       |     1 ||     3
       Deck              |       |       |       |       |       |       |       |       |     2 ||     2
       Stone of tremors  |       |       |       |       |       |       |       |       |     1 ||     1
  Use: Potion            |     1 |     1 |     7 |     4 |    10 |     5 |     2 |    10 |    22 ||    62
       Scroll            |       |       |       |    19 |    19 |    17 |    15 |    15 |    62 ||   147
 Stab: Sleeping          |    13 |     5 |     4 |     2 |    16 |     5 |    34 |    25 |    41 ||   145
       Paralysed         |       |     3 |     5 |    14 |    15 |     1 |    16 |    29 |    39 ||   122
       Confused          |       |       |     7 |     5 |    11 |    49 |    53 |   125 |   134 ||   384
       Invisible         |       |       |     6 |     4 |     1 |     4 |       |       |     9 ||    24
       Distracted        |       |       |       |     3 |     1 |     2 |     7 |     9 |   101 ||   123
       Petrified         |       |       |       |       |       |     9 |       |       |       ||     9
       Held in net/web   |       |       |       |       |       |       |     2 |       |       ||     2
       Fleeing           |       |       |       |       |       |       |     1 |       |       ||     1
  Eat: Bread ration      |       |     1 |     1 |     1 |       |       |       |     1 |     6 ||    10
       Chunk             |       |     2 |     7 |    17 |    29 |     2 |     8 |     4 |     8 ||    77
       Pizza             |       |       |       |     2 |     2 |     5 |     2 |     2 |     4 ||    17
       Meat ration       |       |       |       |     2 |     3 |     5 |     6 |     3 |    18 ||    37
       Royal jelly       |       |       |       |       |       |       |     6 |     2 |     8 ||    16
